 Dungeon Crawl Stone Soup version 0.29.1-4-g47bece8355 (webtiles) character file.

Game seed: 13745622242060747004

138 GigaChad the Trooper (level 5, -7/47 HPs)
             Began as a Minotaur Fighter on Dec 7, 2022.
             Mangled by a kobold brigand
             ... wielding a +2 dagger of speed
              (9 damage)
             ... on level 3 of the Dungeon.
             The game lasted 00:03:12 (2404 turns).

GigaChad the Trooper (Minotaur Fighter)             Turns: 2404, Time: 00:03:13

Health: -7/47      AC:  9    Str: 24    XL:     5   Next: 1%
Magic:  4/4        EV:  8    Int:  5    God:
Gold:   59         SH:  4    Dex: 10    Spells: 4/4 levels left

rFire   . . .      SeeInvis .   a - +0 war axe
rCold   . . .      Faith    .   c - +0 buckler
rNeg    + . .      Spirit   .   g - +0 chain mail
rPois   .          Reflect  .   (helmet restricted)
rElec   .          Harm     .   (no cloak)
rCorr   .          Rampage  .   (no gloves)
Will    .....                   (no boots)
Stlth   ..........              (no amulet)
HPRegen 0.15/turn               l - ring "Voycig" {rN+ Str+2 Slay+4}
MPRegen 0.09/turn               (no ring)

@: lethally poisoned (-7 -> -19), slowed, very slow
A: horns 2, retaliatory headbutt
a: no special abilities


You were on level 3 of the Dungeon.
You visited 1 branch of the dungeon, and saw 3 of its levels.

You collected 59 gold pieces.

Inventory:

Hand Weapons
 a - a +0 war axe (weapon)
Armour
 b - a +0 scale mail
 c - a +0 buckler (worn)
 g - a +0 chain mail (worn)
Jewellery
 l - the ring "Voycig" (left hand) {rN+ Str+2 Slay+4}
   (You found it on level 2 of the Dungeon)

   [ring of slaying]

   Str:       It affects your strength (+2).
   Slay:      It affects your accuracy & damage with ranged weapons and melee
   (+4).
   rN:        It protects you from negative energy.
 m - a ring of see invisible
Scrolls
 e - 4 scrolls of identify
 f - a scroll of amnesia {unknown}
 h - 2 scrolls of immolation
 i - a scroll of vulnerability {unknown}
 k - a scroll of fear {unknown}
 o - a scroll of enchant weapon {unknown}
Potions
 d - 2 potions of might
 j - a potion of degeneration {unknown}
 n - a potion of heal wounds {unknown}
 p - a potion of ambrosia {unknown}


   Skills:
 + Level 4.7 Fighting
 + Level 4.4 Axes
 + Level 4.0 Armour
 + Level 1.0 Dodging
 + Level 0.1 Stealth
 + Level 4.2 Shields


You had 4 spell levels left.
You didn't know any spells.
Your spell library contained the following spells:

 Spells                   Type           Power      Damage    Failure   Level
 Blink                    Tloc           0%         N/A       100%        2
 Ensorcelled Hibernation  Hex/Ice        0%         N/A       100%        2
 Passwall                 Tmut/Erth      0%         N/A       100%        2
 Sublimation of Blood     Necr           0%         N/A       100%        2
 Wereblood                Tmut           0%         N/A       100%        2
 Lesser Beckoning         Tloc           0%         N/A       100%        3
 Ozocubu's Armour         Ice            0%         N/A       100%        3
 Spider Form              Tmut/Pois      0%         N/A       100%        3
 Swiftness                Air            0%         N/A       100%        3
 Anguish                  Hex/Necr       0%         N/A       100%        4
 Manifold Assault         Tloc           0%         N/A       100%        5
 Ozocubu's Refrigeration  Ice            0%         4d7       100%        7
 Summon Hydra             Summ           0%         N/A       100%        7


Dungeon Overview and Level Annotations

Branches:
Dungeon (3/15)

Altars:
Dithmenos
Qazlal


Innate Abilities, Weirdness & Mutations

You have a pair of horns on your head.
You reflexively headbutt those who attack you in melee.


Message History

A kobold comes into view. It is wielding a +0 dagger.
The kobold hits you but does no damage.
You slash the kobold!
You kill the kobold!
Things that are here:
a +0 club; a kobold corpse You barely miss the kobold.
The kobold hits you but does no damage.
You hit the kobold.
The kobold is severely wounded.
The kobold hits you with a +0 dagger. x2
You slash the kobold!
You kill the kobold!
You see here a +0 dagger.
A kobold brigand comes into view.
It is wielding a +2 dagger of speed and quivering curare-tipped darts.
The kobold brigand shouts!
A kobold brigand comes into view.
It is wielding a +0 club and quivering poisoned darts.
Found the Spellbook of Calculation.
The kobold brigand throws a curare-tipped dart.
The curare-tipped dart hits you.
You are poisoned.
You have difficulty breathing.
You feel yourself slow down.
You feel very sick.
The kobold brigand throws a poisoned dart.
The poisoned dart barely misses you.
The kobold brigand throws a curare-tipped dart.
The curare-tipped dart hits you.
You are more poisoned.
You have difficulty breathing.
You feel as though you will be slow longer.
You feel extremely sick.
The kobold brigand hits you with a +2 dagger of speed.
You slash the kobold brigand!
The kobold brigand is heavily wounded.
* * * LOW HITPOINT WARNING * * *
You feel extremely sick.
The kobold brigand hits you but does no damage.
The kobold brigand hits you with a +2 dagger of speed!
* * * LOW HITPOINT WARNING * * *
The kobold brigand hits you with a +2 dagger of speed!
You die...

......#
###.#
###.. ##.
.)....#
###... #..
.....##
..#.###
#.. .....#
.:#.# #..
.....####
..#.. .
#..
........#
##..#~...
#..
........#
#..##~...
# #..
........#
##KK# ~~..
#.##.
........#
#.@##≈~~..
#....
##......#
#..#≈≈~~.#
####.
########
#..##≈~~.#
#... ##..#
~~.# #...
#..# #.#
##... #..#
# ..'...
#.)#
###... #
#..##
......
#~##.)#
......


You could see 2 kobold brigands.

Vanquished Creatures
  Robin (D:3)
  3 adders
  3 worms
  3 dart slugs
  An orc (D:3)
  An endoplasm (D:3)
  2 giant cockroaches (D:1)
  9 goblins (D:3)
  9 hobgoblins
  11 jackals (D:1)
  2 quokkas (D:1)
  4 ball pythons
  5 bats
  A frilled lizard (D:3)
  18 kobolds
  7 rats
80 creatures vanquished.

Notes
Turn   | Place    | Note
-------+----------+-------------------------------------------
     0 | D:1      | GigaChad the Minotaur Fighter began the quest for the Orb.
     0 | D:1      | Reached XP level 1. HP: 19/19 MP: 0/0
   247 | D:1      | Reached XP level 2. HP: 27/27 MP: 1/1
   337 | D:1      | Found a faded altar of an unknown god.
   529 | D:1      | Reached XP level 3. HP: 32/33 MP: 2/2
  1635 | D:2      | Identified the ring "Voycig" {rN+ Str+2 Slay+4}
  1913 | D:3      | Reached skill level 1 in Dodging
  1913 | D:3      | Reached XP level 4. HP: 41/41 MP: 3/3
  2032 | D:3      | Noticed Robin
  2044 | D:3      | Killed Robin
  2232 | D:3      | Found a stormy altar of Qazlal.
  2362 | D:3      | Found a shadowy altar of Dithmenos.
  2385 | D:3      | Reached XP level 5. HP: 41/47 MP: 4/4
  2404 | D:3      | HP: 2/47 [kobold brigand/+2 dagger of speed (7)]
  2404 | D:3      | Mangled by a kobold brigand

Illustrated notes

Levels and vault maps discovered:
D:1:      shiori_arrival_elements, layout_basic, basic_ecumenical_altar
D:2:      layout_loops_corners
D:3:      cheibrodos_thug_alley, layout_basic,
          mainiacjoe_overflow_catch_the_wave, uniq_robin, uniq_ijyb

Skill      XL: |  1  2  3  4 |
---------------+-------------+-----
Axes           | 3 4 |  4.4
Shields        | 4 |  4.2
Fighting       | 4 |  4.7
Armour         | 4 |  4.0
Dodging        | 1 |  1.0
Stealth        | |  0.1

Action                   |  1- 3 |  4- 6 || total
-------------------------+-------+-------++-------
Melee: War axe           |    86 |    41 ||   127
       Headbutt          |    15 |     4 ||    19
  Use: Scroll            |     1 |       ||     1
Armor: Scale mail        |     6 |       ||     6
       Chain mail        |    44 |    32 ||    76
Dodge: Dodged            |    43 |    23 ||    66
Block: Buckler           |    28 |    13 ||    41
